 Dungeon Crawl Stone Soup version 0.30-b1-2-g02819fbbbe (webtiles) character file.

Game seed: 1944389895109660384

4 raph the Caller (level 1, -1/7 HPs)
             Began as a Felid Summoner on Oct 16, 2023.
             Slain by a kobold
             ... wielding a +0 whip
              (4 damage)
             ... on level 1 of the Dungeon.
             The game lasted 00:00:27 (117 turns).

raph the Caller (Felid Summoner)                     Turns: 117, Time: 00:00:28

Health: -1/7       AC:  1    Str:  4    XL:     1   Next: 58%
Magic:  3/4        EV: 17    Int: 16    God:
Gold:   16         SH:  0    Dex: 16    Spells: 3/4 levels left
                                        Lives:  0   Deaths: 0

rFire   . . .        (weapon unavailable)
rCold   . . .        (shield unavailable)
rNeg    . . .        (body armour unavailable)
rPois   .            (helmet unavailable)
rElec   .            (cloak unavailable)
rCorr   .            (gloves unavailable)
SInv    +            (boots unavailable)
Will    .....        (no amulet)
Stlth   ++           (no ring)
HPRegen 0.21/turn    (no ring)
MPRegen 0.09/turn

%: no passive effects
@: quick
A: very small, claws 1, fangs 3, see invisible, speed 1, shaggy fur 1, stealthy
paws, no weapons or thrown items, no armour, multi-lived
a: no special abilities


You were on level 1 of the Dungeon.
You visited 1 branch of the dungeon, and saw 1 of its levels.

You collected 16 gold pieces.

Inventory:

Potions
 a - a potion of magic
 b - a potion of haste {unknown}


   Skills:
 - Level 2.6 Dodging
 - Level 2.6 Stealth
 + Level 2.1 Spellcasting
 * Level 4.2 Summonings


You had 3 spell levels left.
You knew the following spells:

 Your Spells              Type           Power      Damage    Failure   Level
a - Summon Small Mammal   Summ           60%        N/A       3%          1

Your spell library contained the following spells:

 Spells                   Type           Power      Damage    Failure   Level
 Call Imp                 Summ           30%        N/A       5%          2
 Call Canine Familiar     Summ           15%        N/A       11%         3
 Summon Guardian Golem    Hex/Summ       8%         N/A       26%         3
 Summon Lightning Spire   Summ/Air       8%         N/A       65%         4
 Cause Fear               Hex            0%         N/A       90%         4
 Dragon Form              Tmut           0%         N/A       100%        7
 Dragon's Call            Summ           7%         N/A       100%        9


Dungeon Overview and Level Annotations

Branches:
Dungeon (1/15)

Altars:


Innate Abilities, Weirdness & Mutations

You have sharp claws.
You have razor-sharp teeth.
You have supernaturally acute eyesight. (SInv)
You cover ground quickly. (Speed+)
You are covered in fur. (AC +1)
Your paws help you pounce on unaware monsters.
You are incapable of wielding weapons or throwing items.
You cannot wear armour.
You gain extra lives every three experience levels.


Message History

You catch the helpless giant cockroach completely off-guard!
You claw the giant cockroach!
You kill the giant cockroach!
A rat comes into view.
Your quokka disappears in a puff of smoke!
You see here a giant cockroach corpse.
The hobgoblin shouts!
You swap places.
The hobgoblin barely misses you.
Casting: Summon Small Mammal (safe; 3% risk of failure)
Confirm with . or Enter, or press ? or * to list all spells.
The hobgoblin misses you.
You barely miss the hobgoblin. The hobgoblin closely misses you.
Your rat bites the hobgoblin.
You scratch the hobgoblin.
The hobgoblin is severely wounded.
The hobgoblin hits you.
Your rat bites the hobgoblin.
The hobgoblin dies!
You swap places.
Your rat closely misses the rat.
The rat closely misses you.
You scratch the rat.
You kill the rat!
HP restored.
You see here a giant cockroach corpse.
b - a bubbling grey potion
Found a stone staircase leading down.
Your rat disappears in a puff of smoke!
There is a stone staircase leading down here.
You open the door.
There is an open door here.
A kobold comes into view. It is wielding a +0 whip.
Casting: Summon Small Mammal (safe; 3% risk of failure)
Confirm with . or Enter, or press ? or * to list all spells.
The kobold completely misses you.
Your rat closely misses the kobold.
The kobold misses you.
You closely miss the kobold.
Your rat closely misses the kobold.
The kobold hits you with a +0 whip.
Ouch! That really hurt!
You closely miss the kobold.
Your rat closely misses the kobold.
The kobold hits you with a +0 whip.
Ouch! That really hurt!
You die...

###### #....# ######
#....# #....####
#....# #........
#....# ####........
##..@K####..+........
#...r.##...##........
#......'r...#........
#...####.......##....
#... #...###.......
#... #...# ###.....
#... #...# #.....
#... #...# #...†. #.
#...######....


You could see a kobold (ally target) and a friendly rat (summoned).

Vanquished Creatures
  A giant cockroach (D:1)
  2 rats (D:1)
3 creatures vanquished.

Vanquished Creatures (collateral kills)
  A hobgoblin (D:1)
  A bat (D:1)
2 creatures vanquished.

Grand Total: 5 creatures vanquished

Notes
Turn   | Place    | Note
-------+----------+-------------------------------------------
     0 | D:1      | raph the Felid Summoner began the quest for the Orb.
     0 | D:1      | Reached XP level 1. HP: 7/7 MP: 4/4
   117 | D:1      | Slain by a kobold

Illustrated notes

Levels and vault maps discovered:
D:1:      dpeg_arrival_concentric_ovals, layout_basic

Action                     || total
---------------------------++-------
  Melee: Unarmed           ||    11
         Bite              ||     2
   Cast: Summon Small Mamm ||     5
   Stab: Distracted        ||     1
         Sleeping          ||     1
 Armour: Skin              ||     2
  Dodge: Dodged            ||    13
